 Dungeon Crawl Stone Soup version 0.30.1-3-gfc49f6343a (webtiles) character file.

Game seed: 937930132601757786

18209 Anriel the Nimble (level 10, -1/79 HPs)
             Began as a Human Monk on July 20, 2023.
             Was a High Priest of Ru.
             Slain by Fannar
             ... wielding a +0 quarterstaff of freezing
              (20 damage)
             ... on level 12 of the Dungeon.
             The game lasted 01:37:28 (15587 turns).

Anriel the Nimble (Human Monk)                     Turns: 15587, Time: 01:37:28

Health: -1/79      AC:  8    Str: 12    XL:     10   Next: 92%
Magic:  17/17      EV: 25    Int: 13    God:    Ru [*****.]
Gold:   317        SH:  0    Dex: 23    Spells: 9/19 levels left

rFire   . . .        G - +4 scimitar (flame)
rCold   . . .        d - orb {light}
rNeg    . . .        p - +0 steam dragon scales
rPois   .            g - +2 hat
rElec   .            (no cloak)
rCorr   .            A - +0 pair of gloves
SInv    .            (no boots)
Will    .....        h - amulet of magic regeneration
Stlth   +            q - +5 ring of evasion
HPRegen 0.33/turn    D - +6 ring of dexterity
MPRegen 0.55/turn

%: no passive effects
@: exhausted, glowing
A: inability to use devices, inexperienced 2
a: Renounce Religion, Draw Out Power, Power Leap, Apocalypse


You were on level 12 of the Dungeon.
You worshipped Ru.
Ru was extremely pleased with you.
You visited 2 branches of the dungeon, and saw 13 of its levels.
You also visited: Sewer.

You collected 597 gold pieces.
You spent 280 gold pieces at shops.

Inventory:

Hand Weapons
 a - a +5 double sword of pain
 f - a +1 demon whip of venom
 o - a +2 antimagic short sword
 t - a +3 short sword of venom
 u - a +0 rapier
 x - the +5 long sword of Kuabritz {heavy, Drain Str+6 Int+4}
   (You took it off an orc on level 7 of the Dungeon)

   Str:       It affects your strength (+6).
   Int:       It affects your intelligence (+4).
   Drain:     It drains your maximum health when unequipped.
 G - a +4 scimitar of flaming (weapon)
Armour
 b - a +1 robe of positive energy
 d - an orb of light (worn)
 g - a +2 hat (worn)
 p - +0 steam dragon scales (worn)
 v - a +0 troll leather armour
 A - a +0 pair of gloves (worn)
 C - a +1 leather armour of cold resistance
Magical Staves
 n - a staff of air
 F - a staff of cold
Jewellery
 c - the ring of Tension {Fly rN++ Will+}
   (You found it on level 3 of the Dungeon)

   [ring of flight]

   rN:        It greatly protects you from negative energy.
   Fly:       It grants you flight.
   Will:      It increases your willpower.
 h - an amulet of magic regeneration (around neck)
 k - a ring of fire
 q - a +5 ring of evasion (left hand)
 D - a +6 ring of dexterity (right hand)
Scrolls
 y - a scroll of amnesia
 z - a scroll of magic mapping
 B - a scroll of immolation
 E - a scroll of noise {unknown}
Potions
 e - 4 potions of mutation
 i - 2 potions of flight {unknown}
 j - 6 potions of curing {unknown}
 l - a potion of haste
 m - 3 potions of invisibility {unknown}
 r - 3 potions of might {unknown}
 s - 2 potions of degeneration {unknown}
 w - 2 potions of berserk rage {unknown}
 I - a potion of cancellation {unknown}


   Skills:
 - Level 7.2 Fighting
 * Level 9.8(10.3) Short Blades
 - Level 5.0(8.0) Long Blades
 - Level 10.0 Dodging
 - Level 5.2 Spellcasting
 - Level 5.0 Conjurations
 + Level 7.6 Translocations
 - Level 5.0 Fire Magic
 + Level 4.4 Ice Magic
   Level 0.0 Evocations


You had 9 spell levels left.
You knew the following spells:

 Your Spells              Type           Power      Damage    Failure   Level
a - Blink                 Tloc           46%        N/A       1%          2
b - Momentum Strike       Conj/Tloc      38%        3d9       1%          2
c - Volatile Blastmotes   Fire/Tloc      38%        2d13      4%          3
d - Ozocubu's Armour      Ice            14%        N/A       9%          3

Your spell library contained the following spells:

 Spells                   Type           Power      Damage    Failure   Level
 Lesser Beckoning         Tloc           46%        N/A       1%          2
 Passage of Golubria      Tloc           23%        N/A       9%          4
 Portal Projectile        Hex/Tloc       26%        N/A       12%         3
 Iskenderun's Mystic Bla  Conj/Tloc      19%        2d6       14%         4
 Call Canine Familiar     Summ           3%         N/A       50%         3
 Tukima's Dance           Hex            3%         N/A       50%         3
 Fulminant Prism          Conj/Hex       4%         3d5       54%         4
 Animate Armour           Summ/Erth      6%         N/A       88%         4
 Leda's Liquefaction      Hex/Erth       1%         N/A       88%         4
 Summon Lightning Spire   Summ/Air       3%         N/A       88%         4
 Lee's Rapid Deconstruct  Erth           1%         3d4*      99%         5
 Summon Mana Viper        Hex/Summ       3%         N/A       99%         5
 Yara's Violent Unravell  Hex/Tmut       1%         3d3       99%         5
 Ozocubu's Refrigeration  Ice            7%         4d9       100%        7


Dungeon Overview and Level Annotations

Branches:
Dungeon (12/15)            Temple (1/1) D:7            Lair (0/5) D:11
    Orc (0/2) D:10          Sewer (visited)

Altars:
Ashenzari
Cheibriados
Dithmenos
Elyvilon
Fedhas
Gozag
Hepliaklqana
Kikubaaqudgha
Makhleb
Nemelex Xobeh
Okawaru
Qazlal
Ru
Sif Muna
Trog
Uskayaw
Vehumet
Wu Jian
Xom
Yredelemnul
Zin
The Shining One

Shops:
D:2 (   D:8 (   D:10 *

Annotations:
D:12 Fannar


Innate Abilities, Weirdness & Mutations

You cannot study or use magical devices.
You are inexperienced. (-2 XL)


Message History

The black bear closely misses you.
You slash the black bear! You burn the black bear.
The black bear is heavily wounded.
You slash the black bear! You burn the black bear.
You kill the black bear!
Okay, then.
Okay, then.
Fannar mumbles some strange words.
Fannar drains the heat from the surrounding environment!
* * * LOW HITPOINT WARNING * * *
Found a robe.
Your extra speed is starting to run out.
There is a huge open translucent gate here.
Okay, then.
Casting: Momentum Strike (safe; 1% risk of failure)
Confirm with . or Enter, or press ? or * to list all spells.
You blink.
Okay, then.
You feel yourself slow down.
You see here a scroll labelled FETIAD FYKECK.
E - a scroll labelled FETIAD FYKECK Fannar begins to cast a spell, but is stunned by your conviction!
Fannar brushes some snowflakes from their robe.
Fannar misses you.
You completely miss Fannar.
You feel stable enough to blink again.
Fannar hits you with a +0 quarterstaff of freezing.
* * * LOW HITPOINT WARNING * * *
Fannar freezes you.
* * * LOW HITPOINT WARNING * * *
Okay, then.
Okay, then.
You slash Fannar! You burn Fannar.
Fannar is lightly wounded.
Fannar completely misses you.
You barely miss Fannar.
Fannar is lightly wounded.
Fannar casts a spell.
Fannar drains the heat from the surrounding environment!
You die...

.....######..##..Y.......#...
..##...........h.e...h..##.#
...####..##.##########..#..#
.....................††...#
<...######..().......††...##
..#.# #........†††..††......
..# . ##.###''''###...###..#
.... ...#...e....#...# ##
#### .[...#...@....#...# ..
##.#.#........#....# ##
..#.#........#.##..# ## .##.
#........#.# #.. .. .....
##########.### ## .... ....#
## ...# ######...# #... ..
#.. >.......# ..#
#..##.#########.....#


You could see Fannar.

Vanquished Creatures
  Erica (D:10)
  2 two-headed ogres
  A centaur warrior (D:12)
  3 death yaks (D:11)
  Amaemon (D:11)
  2 manticores
  An orange demon (D:11)
  5 kobold demonologists
  An unseen horror (D:10)
  A komodo dragon (D:12)
  3 trolls (D:12)
  Prince Ribbit (D:6)
  5 polar bears (D:12)
  A hornet (D:7)
  A shadow (D:12)
  14 yaks
  4 wraiths
  4 wyverns
  A hog (D:12)
  2 steam dragons
  4 vampire mosquitoes (D:12)
  Edmund (D:5)
  4 ice beasts
  5 black bears
  3 orc warriors
  A sky beast (D:7)
  A wolf (D:12)
  2 centaurs (D:9)
  An ogre (D:5)
  2 phantoms (D:6)
  7 kobold brigands
  2 bullfrogs (D:7)
  3 scorpions
  3 jellies
  5 wights (D:9)
  4 killer bees (D:8)
  A gnoll bouda (D:7)
  5 orc priests
  9 hounds
  3 iguanas
  A sleepcap (D:5)
  13 orc wizards
  7 gnolls
  12 adders
  8 river rats
  A shadow imp (D:7)
  A white imp (D:7)
  An ufetubus (D:7)
  4 worms
  2 dart slugs
  35 orcs
  11 ball pythons
  9 endoplasms
  7 giant cockroaches
  6 goblins
  9 hobgoblins
  9 quokkas
  3 bats
  3 frilled lizards (D:3)
  30 kobolds
  32 rats
324 creatures vanquished.

Vanquished Creatures (others)
  Urug (D:11)
  A wyvern (D:12)
2 creatures vanquished.

Grand Total: 326 creatures vanquished

Notes
Turn   | Place    | Note
-------+----------+-------------------------------------------
     0 | D:1      | Anriel the Human Monk began the quest for the Orb.
     0 | D:1      | Reached XP level 1. HP: 18/18 MP: 1/1
   114 | D:1      | Reached XP level 2. HP: 23/24 MP: 2/2
   178 | D:1      | Found a faded altar of an unknown god.
   324 | D:1      | You fall into a shaft and drop 1 floor!
   489 | D:1      | Reached XP level 3. HP: 23/29 MP: 3/3
  1336 | D:2      | Reached XP level 4. HP: 31/35 MP: 4/4
  1433 | D:2      | Found Upluc's Antique Weapon Shop.
  2355 | D:3      | Noticed a scorpion
  2785 | D:3      | Reached skill level 4 in Dodging
  3065 | D:2      | Bought a runed short sword for 168 gold pieces
  3190 | D:3      | Reached XP level 5. HP: 13/41 MP: 1/5
  3354 | D:3      | Identified the ring of Tension {Fly rN++ Will+}
  3596 | D:4      | Reached skill level 1 in Spellcasting
  3736 | D:4      | Reached XP level 6. HP: 47/47 MP: 2/7
  3791 | D:4      | Learned a level 2 spell: Blink
  3977 | D:4      | Reached skill level 5 in Short Blades
  4012 | D:4      | Reached skill level 5 in Dodging
  4014 | D:4      | HP: 2/47 [poisoned by a scorpion]
  4229 | D:4      | Reached XP level 7. HP: 33/52 MP: 3/9
  4246 | D:4      | Reached skill level 1 in Translocations
  4453 | D:4      | Found a burning altar of Makhleb.
  4800 | D:5      | Entered Level 5 of the Dungeon
  4987 | D:5      | Found a white marble altar of Elyvilon.
  5185 | D:5      | Reached skill level 6 in Dodging
  5196 | D:5      | Reached XP level 8. HP: 58/58 MP: 12/12
  5778 | D:5      | Found a snail-covered altar of Cheibriados.
  5779 | D:5      | Noticed Edmund
  5806 | D:5      | Killed Edmund
  6019 | D:5      | Found a sparkling altar of Nemelex Xobeh.
  6246 | D:6      | Found a glowing drain.
  6254 | Sewer    | Entered a sewer
  6292 | Sewer    | Reached skill level 7 in Dodging
  7110 | D:6      | Reached XP level 9. HP: 43/64 MP: 13/15
  7228 | D:6      | Found a glowing silver altar of Zin.
  7228 | D:6      | Noticed an angel
  7296 | D:6      | Noticed Prince Ribbit
  7310 | D:6      | Killed Prince Ribbit
  7311 | D:6      | Reached skill level 1 in Evocations
  8097 | D:6      | Learned a level 2 spell: Momentum Strike
  8101 | D:6      | Learned a level 3 spell: Volatile Blastmotes
  8224 | D:2      | Bought a rapier for 112 gold pieces
  8379 | D:7      | Reached skill level 1 in Fire Magic
  8460 | D:7      | Noticed a hornet
  8472 | D:7      | Killed a hornet
  8473 | D:7      | Reached skill level 1 in Conjurations
  8502 | D:7      | Reached skill level 5 in Fighting
  8631 | D:7      | Found a staircase to the Ecumenical Temple.
  8695 | Temple   | Entered the Ecumenical Temple
  9008 | Temple   | Became a worshipper of Ru the Awakened
  9025 | D:7      | Gained mutation: You cannot study or use magical devices.
                  | [Ru sacrifice]
  9025 | D:7      | Reached * piety under Ru
  9025 | D:7      | Reached ** piety under Ru
  9160 | D:7      | Identified the +5 long sword of Kuabritz {heavy, Drain
                  | Str+6 Int+4}
  9233 | D:7      | Found a bloodstained altar of Trog.
  9667 | D:8      | Found Giuff's Weapon Shoppe.
  9716 | D:8      | Reached XP level 10. HP: 62/76 MP: 9/16
  9855 | D:8      | Found a blossoming altar of Fedhas.
 10555 | D:9      | Noticed a two-headed ogre
 10699 | D:9      | Killed a two-headed ogre
 10700 | D:9      | Reached skill level 5 in Spellcasting
 10937 | D:9      | Found a broken altar of Ashenzari.
 10978 | D:9      | Found a shimmering blue altar of Sif Muna.
 11182 | D:10     | Entered Level 10 of the Dungeon
 11574 | D:10     | Gained mutation: You are somewhat inexperienced. (-1 XL)
                  | [Ru sacrifice]
 11574 | D:10     | Reached XP level 9. HP: 72/72 MP: 16/16
 11574 | D:10     | Reached *** piety under Ru
 11574 | D:10     | Reached **** piety under Ru
 11669 | D:10     | Reached XP level 10. HP: 63/79 MP: 11/17
 11681 | D:10     | Reached skill level 8 in Dodging
 11747 | D:10     | Noticed Erica
 11764 | D:10     | Killed Erica
 12064 | D:10     | Reached skill level 5 in Conjurations
 12064 | D:10     | Reached skill level 5 in Translocations
 12064 | D:10     | Reached skill level 5 in Fire Magic
 12080 | D:10     | Found a staircase to the Orcish Mines.
 12171 | D:10     | Reached skill level 9 in Dodging
 12324 | D:10     | Found Ryubbo's Changing Room.
 12598 | D:11     | Noticed a two-headed ogre
 12610 | D:11     | Killed a two-headed ogre
 12853 | D:11     | Got the Encyclopedia of Summoning
 12998 | D:11     | Noticed a death yak
 12999 | D:11     | Found a staircase to the Lair.
 12999 | D:11     | Noticed a death yak
 13000 | D:11     | Noticed a death yak
 13261 | D:11     | Learned a level 3 spell: Ozocubu's Armour
 13285 | D:11     | Killed a death yak
 13374 | D:11     | Killed a death yak
 13561 | D:11     | Killed a death yak
 13777 | D:11     | Noticed Amaemon
 13778 | D:11     | Paralysed by Amaemon for 4 turns
 13787 | D:11     | Paralysed by Amaemon for 5 turns
 13818 | D:11     | Paralysed by Amaemon for 2 turns
 13823 | D:11     | Killed Amaemon
 13824 | D:11     | Reached XP level 11. HP: 21/84 MP: 18/18
 13898 | D:11     | Reached skill level 10 in Dodging
 14137 | D:11     | Reached skill level 1 in Long Blades
 14137 | D:11     | Reached skill level 1 in Ice Magic
 14388 | D:11     | Noticed Urug
 14631 | D:11     | Killed Urug
 15215 | D:12     | Noticed a centaur warrior
 15225 | D:12     | Killed a centaur warrior
 15310 | D:12     | Gained mutation: You are inexperienced. (-2 XL) [Ru
                  | sacrifice]
 15310 | D:12     | Reached XP level 10. HP: 79/79 MP: 17/17
 15310 | D:12     | Reached ***** piety under Ru
 15436 | D:12     | Reached skill level 5 in Long Blades
 15477 | D:12     | Found a huge runed translucent gate.
 15478 | D:12     | Found a huge runed translucent gate.
 15478 | D:12     | Found a huge runed translucent gate.
 15478 | D:12     | Found a huge runed translucent gate.
 15536 | D:12     | Noticed Fannar
 15587 | D:12     | Slain by Fannar

Illustrated notes

Levels and vault maps discovered:
D:1:      shiori_shiawase, layout_loops_cross,
          shapermc_ecumenical_altar_hornbeckon
D:2:      layout_basic, serial_shops, nicolae_shop_tiny_statue_garden
D:3:      layout_loops_corners
D:4:      layout_loops_ring, makhleb_heckhound_becter, grunt_ministairs_1,
          minmay_cut_off
D:5:      layout_basic, nicolae_overflow_crystal_walls,
          mainiacjoe_overflow_brackets, kennysheep_slug_shrine, uniq_edmund
D:6:      layout_layer_cave, zin_angel, gup_sewer_entry_spiral,
          uniq_prince_ribbit1
D:7:      layout_basic, mainiacjoe_overflow_six_doors_small,
          minmay_temple_entry_offerings, hangedman_decor_growths, minivault_27
D:8:      layout_rooms, fedhas_altar_fruit_tree, serial_shops, kennysheep_mini
D:9:      layout_loops_cross, ashenzari_altar_1, led_sif_pool,
          serial_park_tiny_2, grunt_decor_arrowhead
D:10:     layout_loops_ring, orc_0_dummy, nicolae_transmutations_shop,
          fountainhead, uniq_erica
D:11:     layout_stronghold, dpeg_lair_monsters,
          nicolae_elevator_lobby_asterisk, uniq_amaemon, uniq_urug
D:12:     lemuel_bear_cage, layout_rooms, dilly_guarded_unrand_elemental_staff,
          uniq_fannar
Temple:   compressed_dpeg_triangle_lava_temple

Skill      XL: |  1  2  3  4  5  6  7  8  9 10 11 |
---------------+----------------------------------+-----
Dodging        | 4 5 6 7 9 10 | 10.0
Short Blades   | 4 5 6 7 9 |  9.8
Spellcasting   | 1 2 4 5 |  5.2
Translocations | 2 4 7 |  7.6
Evocations     | 0 |  0.0
Fighting       | 5 7 |  7.2
Fire Magic     | 2 5 |  5.0
Conjurations   | 2 5 |  5.0
Long Blades    | 5 4 |  5.0
Ice Magic      | 4 2 |  4.4

Action                     |  1- 3 |  4- 6 |  7- 9 | 10-12 || total
---------------------------+-------+-------+-------+-------++-------
  Melee: Short sword       |   123 |   302 |   543 |   380 ||  1348
         Scimitar          |       |       |       |   119 ||   119
         Double sword      |       |       |       |    21 ||    21
   Cast: Momentum Strike   |       |       |     8 |    14 ||    22
         Volatile Blastmot |       |       |     4 |    24 ||    28
         Blink             |       |       |       |     9 ||     9
 Invoke: Power Leap        |       |       |     1 |     9 ||    10
         Sacrifice Experie |       |       |     1 |     1 ||     2
         Sacrifice Artific |       |       |     1 |       ||     1
         Draw Out Power    |       |       |       |     2 ||     2
         Apocalypse        |       |       |       |     1 ||     1
    Use: Scroll            |     3 |     5 |     7 |     8 ||    23
         Potion            |       |     2 |     3 |    10 ||    15
   Stab: Paralysed         |       |       |       |     2 ||     2
         Distracted        |       |       |       |     1 ||     1
 Armour: Robe              |    13 |    19 |    43 |     8 ||    83
         Skin              |       |       |    22 |       ||    22
         Steam dragon scal |       |       |       |    61 ||    61
  Dodge: Dodged            |    66 |   175 |   310 |   426 ||   977
